 Dungeon Crawl Stone Soup version 0.27-a0-1186-g8b4daa1eef (webtiles) character file.

Game seed: 1744228554641762470

3996 kae the Cleaver (level 10, -1/93 HPs)
             Began as a Hill Orc Fighter on May 19, 2021.
             Was a Follower of Makhleb.
             Slain by a gnoll sergeant
             ... wielding a +0 vorpal trident
              (3 damage)
             ... on level 7 of the Dungeon.
             The game lasted 00:05:59 (9847 turns).

kae the Cleaver (Hill Orc Fighter)                  Turns: 9847, Time: 00:05:59

Health: -1/93      AC:  5    Str: 23    XL:     10   Next: 23%
Magic:  0/24       EV:  9    Int:  8    God:    Makhleb [*.....]
Gold:   447        SH:  9    Dex: 10    Spells: 9/9 levels left

rFire    . . .     SeeInvis .   w - +2 broad axe (drain)
rCold    . . .     Faith    .   c - +0 kite shield
rNeg     + . .     Spirit   +   x - +0 steam dragon scales
rPois    .         Reflect  .   (no helmet)
rElec    .         Harm     .   (no cloak)
rCorr    .         Rampage  .   (no gloves)
Will     .....                  (no boots)
Stlth    +.........             j - amulet of guardian spirit
HPRegen  0.25/turn              i - ring of magical power
MPRegen  0.19/turn              q - ring of positive energy

@: no status effects
A: no striking features
a: Renounce Religion


You were on level 7 of the Dungeon.
You worshipped Makhleb.
Makhleb was aware of your devotion.
You visited 1 branch of the dungeon, and saw 7 of its levels.
You also visited: Sewer.

You collected 447 gold pieces.

Inventory:

Hand Weapons
 a - a +1 war axe
 w - a +2 broad axe of draining (weapon)
Missiles
 n - 4 throwing nets (quivered)
 v - 5 boomerangs of dispersal
Armour
 b - a +0 scale mail
 c - a +0 kite shield (worn)
 x - +0 steam dragon scales (worn)
Jewellery
 i - a ring of magical power (left hand)
 j - an amulet of guardian spirit (around neck)
 q - a ring of positive energy (right hand)
 r - a ring of ice
 t - a ring of ice
 B - a ring of protection from fire
Wands
 e - a wand of flame (17)
 s - a wand of charming (5)
 u - a wand of mindburst (11)
Scrolls
 f - 4 scrolls of teleportation
 g - a scroll of blinking
 y - a scroll of amnesia {unknown}
 z - 2 scrolls of enchant weapon
 A - a scroll of magic mapping
Potions
 d - 2 potions of berserk rage
 k - 6 potions of curing
 l - 2 potions of heal wounds
 m - 2 potions of might
 o - 2 potions of flight
 p - 2 potions of ambrosia


   Skills:
 + Level 9.8 Fighting
 * Level 13.8 Axes
 - Level 3.2 Armour
 - Level 3.2 Shields
 + Level 7.3 Invocations


You had 9 spell levels left.
You didn't know any spells.
Your spell library contained the following spells:

 Spells                   Type           Power      Damage    Failure   Level
 Sting                    Tmut/Pois      0%         1d3       89%         1
 Poisonous Vapours        Pois/Air       0%         N/A       96%         2
 Ignite Poison            Fire/Tmut/Pois 0%         N/A       99%         3
 Mephitic Cloud           Conj/Pois/Air  0%         N/A       99%         3
 Olgreb's Toxic Radiance  Pois           0%         N/A       100%        4


Dungeon Overview and Level Annotations

Branches:
Dungeon (7/15)             Temple (0/1) D:4           Sewer (visited)

Altars:
Ashenzari
Cheibriados
Dithmenos
Kikubaaqudgha
Sif Muna
Trog
Xom

Shops:
D:5 (

Annotations:
D:2 1 runed translucent door, Crazy Yiuf


Message History

You are too injured to fight recklessly!
You barely miss the orc warrior. You block the orc warrior's attack.
You closely miss the orc warrior.
The orc warrior hits you with a +0 war axe.
You barely miss the orc warrior.
The orc warrior hits you with a +0 war axe!
You hear a loud, deep croak!
You barely miss the orc warrior. The orc warrior barely misses you.
You slash the orc warrior! You drain the orc warrior!
The orc warrior is almost dead.
You hear a shout!
You block the orc warrior's attack.
You hit the orc warrior.
You kill the orc warrior!
Makhleb accepts your kill. You block the bullfrog's attack.
You slash the bullfrog! You drain the bullfrog.
You kill the bullfrog!
Makhleb accepts your kill.
The gnoll sergeant shouts!
Things that are here:
a +0 war axe; a +0 chain mail; a bullfrog corpse The gnoll sergeant hits you with a +0 vorpal trident!
You barely miss the gnoll sergeant.
The gnoll sergeant hits you with a +0 vorpal trident!
You slash the gnoll sergeant!
The gnoll sergeant is heavily wounded.
The gnoll sergeant misses you.
Your shield prevents you from hitting the gnoll sergeant.
The gnoll sergeant is heavily wounded.
The gnoll sergeant hits you with a +0 vorpal trident!
* * * LOW HITPOINT WARNING * * *
x2 The gnoll sergeant hits you with a +0 vorpal trident!
* * * LOW HITPOINT WARNING * * *
x2 You hit the gnoll sergeant but do no damage.
You drain the gnoll sergeant.
The gnoll sergeant is severely wounded.
The gnoll sergeant hits you with a +0 vorpal trident!
* * * LOW HITPOINT WARNING * * *
You die...

..#.##...#########.#
..#.######..#......#
#.....##W'..#......#
###....### #..)...#
##......# #......#
........# #......#
........# #......#
.......## ######)##
.......# oF#..g@รท#
.......# ..g#.W...#
.......# .. #.....#
.......# .'.....#
.......######.....#
...........########
##...#.#.........#
#......#..##...#.#
...#...........###


You could see a wraith and a gnoll sergeant (drained).

Vanquished Creatures
  Pikel (D:7)
  Joseph (D:7)
  Maggie (D:6)
  Grinder (Sewer)
  Eustachio (D:3)
  2 water moccasins
  2 ice beasts
  An orc warrior (D:7)
  A black bear (D:6)
  2 ogres
  A centaur (D:6)
  4 lemures (D:7)
  A phantom (D:5)
  A kobold brigand (Sewer)
  4 scorpions
  A gnoll sergeant (D:7)
  5 bullfrogs
  A wyvern skeleton (D:7)
  A wyvern zombie (D:7)
  A water moccasin skeleton (D:6)
  A centaur zombie (D:3)
  2 bullfrog zombies
  3 jellies
  2 quasits (Sewer)
  2 hounds
  A bullfrog skeleton (D:7)
  3 orc priests
  2 centaur skeletons (D:6)
  2 orc wizards
  Terence (D:2)
  2 iguanas (D:7)
  A killer bee zombie (D:5)
  A hound zombie (D:3)
  A hound skeleton (D:3)
  6 gnolls (D:4)
  6 adders
  A shadow imp (Sewer)
  A white imp (D:5)
  6 ufetubi
  An adder zombie (D:3)
  An adder skeleton (D:3)
  15 orcs
  2 endoplasms
  12 giant cockroaches
  3 goblins
  A hobgoblin (D:1)
  6 jackals
  25 kobolds
  3 quokkas
  5 ball pythons
  4 bats
  4 frilled lizards
  A giant cockroach zombie (D:3)
  A jackal skeleton (D:3)
  A kobold zombie (Sewer)
  A quokka zombie (D:3)
  3 rats
166 creatures vanquished.

Vanquished Creatures (others)
  A giant cockroach zombie (Sewer)
  A kobold zombie (Sewer)
  7 withered plants (D:3)
9 creatures vanquished.

Grand Total: 175 creatures vanquished

Notes
Turn   | Place    | Note
-------+----------+-------------------------------------------
     0 | D:1      | kae the Hill Orc Fighter began the quest for the Orb.
     0 | D:1      | Reached XP level 1. HP: 19/19 MP: 1/1
   274 | D:1      | Reached skill level 3 in Axes
   314 | D:1      | Found a faded altar of an unknown god.
   456 | D:1      | Reached XP level 2. HP: 27/27 MP: 2/2
   549 | D:1      | You fall into a shaft and drop 1 floor!
   633 | D:2      | Found a runed translucent door.
   634 | D:2      | Noticed Crazy Yiuf
  1127 | D:1      | Reached skill level 4 in Axes
  1389 | D:2      | Reached XP level 3. HP: 30/33 MP: 3/3
  1567 | D:2      | Noticed Terence
  2172 | D:3      | Reached XP level 4. HP: 41/41 MP: 4/4
  2207 | D:3      | Reached skill level 5 in Axes
  2422 | D:3      | Reached XP level 5. HP: 39/47 MP: 5/5
  2708 | D:2      | Killed Terence
  2709 | D:2      | Reached skill level 5 in Fighting
  2709 | D:2      | Reached skill level 6 in Axes
  3524 | D:4      | Found a staircase to the Ecumenical Temple.
  3542 | D:4      | Noticed Eustachio
  3550 | D:4      | Reached XP level 6. HP: 39/56 MP: 6/6
  3581 | D:3      | Killed Eustachio
  3582 | D:3      | Reached skill level 7 in Axes
  3668 | D:4      | Found a broken altar of Ashenzari.
  3713 | D:4      | Found an ancient bone altar of Kikubaaqudgha.
  3730 | D:4      | Noticed a water moccasin
  3737 | D:4      | Killed a water moccasin
  3738 | D:4      | Reached skill level 8 in Axes
  3738 | D:4      | Reached XP level 7. HP: 13/63 MP: 7/7
  3827 | D:4      | Found a glowing drain.
  3847 | Sewer    | Entered a sewer
  4240 | Sewer    | Found a burning altar of Makhleb.
  4254 | Sewer    | Reached skill level 9 in Axes
  4352 | Sewer    | Became a worshipper of Makhleb the Destroyer
  4363 | Sewer    | Noticed Grinder
  4380 | Sewer    | Paralysed by Grinder for 2 turns
  4383 | Sewer    | Killed Grinder
  4384 | Sewer    | Reached XP level 8. HP: 60/73 MP: 8/8
  4511 | Sewer    | Reached skill level 10 in Axes
  4511 | Sewer    | Reached skill level 1 in Invocations
  4987 | D:4      | Found a shimmering blue altar of Sif Muna.
  5261 | D:5      | Entered Level 5 of the Dungeon
  5284 | D:5      | Found Uxaman's Weapon Boutique.
  5815 | D:5      | Reached skill level 11 in Axes
  6572 | D:6      | Found a shadowy altar of Dithmenos.
  6575 | D:6      | Found a snail-covered altar of Cheibriados.
  6578 | D:6      | Found a shimmering altar of Xom.
  6584 | D:6      | Reached * piety under Makhleb
  6585 | D:6      | Reached XP level 9. HP: 76/81 MP: 12/12
  6614 | D:6      | Found a bloodstained altar of Trog.
  6889 | D:6      | Noticed Maggie
  7705 | D:6      | Reached skill level 12 in Axes
  7705 | D:6      | Reached skill level 5 in Invocations
  7922 | D:6      | Identified the +6 mace of a wizard's laboratory {freeze,
                  | *Slow Fly rElec rN+}
  8273 | D:6      | Killed Maggie
  8626 | D:7      | Noticed Joseph
  8640 | D:7      | Killed Joseph
  8681 | D:7      | Reached skill level 13 in Axes
  8922 | D:7      | Noticed Pikel
  8940 | D:7      | Killed Pikel
  8941 | D:7      | Reached XP level 10. HP: 49/91 MP: 13/15
  9847 | D:7      | HP: 2/93 [gnoll sergeant/+0 vorpal trident (6)]
  9847 | D:7      | Slain by a gnoll sergeant

Illustrated notes

Levels and vault maps discovered:
D:1:      amcnicky_arrival_gap_in_the_tavern_cellar, layout_loops_corners,
          chequers_ecumenical_altar_simple_redux
D:2:      layout_basic, uniq_terence, uniq_crazy_yiuf_cottage
D:3:      layout_loops_ring, serial_undead, serial_undead_e, serial_undead_a,
          serial_undead_f, serial_undead_c, serial_undead_a, serial_undead_f,
          serial_undead_c, serial_undead_e, skrybe_limestone_x
D:4:      layout_cave_pools, kiku_gazebo_pond_becter, lemuel_round_altar,
          evilmike_ruin_ashenzari, minmay_temple_entry_grid,
          gup_sewer_entry_pipe, kennysheep_flooded_box, grunt_decor_clamped,
          uniq_eustachio
D:5:      layout_basic, serial_shops, shop, hangedman_decor_peaks_small,
          wad_floor_pattern_untrapped, eino_curves_03, minmay_diced_spiral
D:6:      layout_cave_pods, grunt_temple_overflow_cloverleaf, uniq_maggie
D:7:      minmay_clustersquares, layout_cave_pools, uniq_joseph, uniq_pikel

Skill      XL: |  1  2  3  4  5  6  7  8  9 |
---------------+----------------------------+-----
Axes           | 3 4 5 6 8 9 11 13 | 13.8
Fighting       | 4 5 6 7 8 9 |  9.8
Invocations    | 4 7 |  7.3
Armour         | |  3.2
Shields        | |  3.2

Action                   |  1- 3 |  4- 6 |  7- 9 | 10-12 || total
-------------------------+-------+-------+-------+-------++-------
Melee: War axe           |    89 |   127 |   216 |       ||   432
       Broad axe         |       |       |    60 |    35 ||    95
Evoke: Wand              |       |       |     5 |       ||     5
  Use: Scroll            |       |    10 |     5 |     1 ||    16
       Potion            |       |     4 |       |       ||     4
 Stab: Invisible         |       |     4 |       |       ||     4
Armor: Scale mail        |    43 |    66 |   105 |       ||   214
       Steam dragon scal |       |       |     8 |     2 ||    10
Dodge: Dodged            |    28 |    66 |   108 |     8 ||   210
Block: Kite shield       |    50 |    84 |   137 |    17 ||   288

Table legend: (Time is in decaauts)
 A = Elapsed time spent in this place.
 B = Non-inter-level travel time spent in this place.
 C = Inter-level travel time spent in this place.
 D = Time resting spent in this place.
 E = Time spent auto-exploring this place.
 F = Levels seen in this place.
 G = Mean time per level.
                   A        B        C        D        E       F      G
               +--------+--------+--------+--------+--------+-----+--------+
         Total |  10053 |   9681 |    372 |   2020 |   6090 |   8 | 1256.6 |
       Dungeon |   9187 |   8815 |    372 |   1752 |   5694 |   7 | 1312.4 |
         Sewer |    866 |    866 |      0 |    268 |    396 |   1 |  866.0 |
               +--------+--------+--------+--------+--------+-----+--------+

Top non-repeatable levels by time:
     D:5: 2036 daAuts
     D:6: 1458 daAuts
     D:1: 1445 daAuts
     D:2: 1181 daAuts
     D:7: 1129 daAuts
     D:3: 1002 daAuts
     D:4: 932 daAuts
   Sewer: 866 daAuts
